[Event "Late Titled Tuesday Blitz February 8 2022"]
[White "Dobre, Claudiu-Cristian"]
[Black "Martin Duque, Jesus"]
[WhiteFideId "1211854"]
[BlackFideId "2208954"]
[WhiteElo "2207"]
[BlackElo "2243"]
[Result "1-0"]
[Round "06"]
[TimeControl "180+1"]
[Date "2022.02.09"]
[WhiteClock "0:00:15"]
[BlackClock "0:00:04"]

1. c4 b6 2. Nf3 Bb7 3. g3 Nf6 4. Bg2 g6 5. b4 Bg7 6. Bb2 O-O 7. O-O e6 8. d3 d5 9. Nbd2 Qe7 10. Qb3 Rd8 11. Rac1 Na6 12. c5 c6 13. a4 bxc5 14. bxc5 Rab8 15. Be5 Nc7 16. Rb1 Nfe8 17. Bxg7 Kxg7 18. d4 f6 19. Rfe1 e5 20. e4 dxe4 21. Nxe4 f5 22. Nd6 Nxd6 23. Rxe5 Qf7 24. cxd6 Qxb3 25. Rxb3 Nd5 26. Re1 Ba6 27. Rxb8 Rxb8 28. Ne5 Rd8 29. Bxd5 cxd5 30. d7 Bc4 31. Rb1 a6 32. Rb7 Kf6 33. f4 Ke6 34. Kf2 Kd6 35. Ke3 h6 36. h4 g5 37. hxg5 hxg5 38. fxg5 Ba2 39. g6 Bb1 40. Kf4 Bc2 41. Kg5 Bxa4 42. g7 Rg8 43. Kg6 Ke7 44. d8=Q+ Kxd8 45. Rb8+ Ke7 46. Rxg8 Be8+ 47. Rxe8+ 1-0


[Site "https://www.chess.com"]

[Event "Late Titled Tuesday Blitz February 8 2022"]
[White "Domingo Nunez, Alejandro"]
[Black "Bibasa, Bob"]
[WhiteFideId "22245561"]
[BlackFideId "10000240"]
[WhiteElo "2215"]
[BlackElo "2056"]
[Result "0-1"]
[Round "06"]
[TimeControl "180+1"]
[Date "2022.02.09"]
[WhiteClock "0:00:03"]
[BlackClock "0:00:24"]

1. Nf3 c5 2. c4 Nc6 3. Nc3 g6 4. e3 Nf6 5. d4 cxd4 6. exd4 d5 7. cxd5 Nxd5 8. Qb3 Nxc3 9. Bc4 e6 10. bxc3 Bg7 11. Ba3 Bd7 12. Bd3 Qc7 13. O-O a6 14. Rfe1 Na5 15. Qb2 Bc6 16. Ne5 Bxe5 17. Rxe5 b5 18. Rae1 O-O-O 19. Bb4 Rd5 20. a4 Rxe5 21. Rxe5 Nc4 22. Bxc4 bxc4 23. Rc5 Kd7 24. Rxc4 Rb8 25. Qc1 a5 26. Ba3 Qb6 27. h3 Qb1 28. Kh2 Qe4 29. Qg5 f6 30. Qg3 e5 31. Rc5 Rb3 32. Bc1 Rb1 33. Be3 exd4 34. cxd4 f5 35. d5 Bxd5 36. Qc7+ Ke6 37. Qc8+ Kf6 38. Qf8+ Ke6 39. Qg8+ Kd6 40. Qd8+ Ke6 41. Qe8+ Kf6 42. Qh8+ Ke6 0-1


[Site "https://www.chess.com"]

[Event "Late Titled Tuesday Blitz February 8 2022"]
[White "Einarsson, Halldor Gretar"]
[Black "Zhou, Qiyu"]
[WhiteFideId "2300150"]
[BlackFideId "505161"]
[WhiteElo "2114"]
[BlackElo "1925"]
[Result "1-0"]
[Round "06"]
[TimeControl "180+1"]
[Date "2022.02.09"]
[WhiteClock "0:00:26"]
[BlackClock "0:00:05"]

1. d4 Nf6 2. c4 e6 3. g3 d5 4. Nf3 Bb4+ 5. Bd2 Be7 6. Nc3 O-O 7. Qc2 c6 8. e4 dxe4 9. Nxe4 Nxe4 10. Qxe4 Nd7 11. Bd3 Nf6 12. Qh4 g6 13. O-O-O Bd7 14. Kb1 b5 15. c5 Nh5 16. Qe4 Nf6 17. Qe2 Nd5 18. h4 h5 19. g4 hxg4 20. Ne5 Bf6 21. h5 Bxe5 22. dxe5 f5 23. exf6 Qxf6 24. hxg6 Qxf2 25. Qe5 Qf6 26. Qh5 Qg7 27. Bh6 1-0


[Site "https://www.chess.com"]

[Event "Late Titled Tuesday Blitz February 8 2022"]
[White "Estrada Nieto, Julian"]
[Black "Pinheiro, Iung Alicio de O."]
[WhiteFideId "5101018"]
[BlackFideId "2104350"]
[WhiteElo "2246"]
[BlackElo "2586"]
[Result "0-1"]
[Round "06"]
[TimeControl "180+1"]
[Date "2022.02.09"]
[WhiteClock "0:00:04"]
[BlackClock "0:00:14"]

1. e4 c6 2. d4 d5 3. exd5 cxd5 4. Bd3 Nc6 5. c3 Nf6 6. h3 g6 7. Nf3 Qc7 8. O-O Bg7 9. Re1 O-O 10. Bg5 Bf5 11. Bxf6 Bxf6 12. Bxf5 gxf5 13. Nbd2 Kh8 14. Nb3 Rg8 15. Qd2 Rg6 16. Kh1 Rag8 17. Rg1 f4 18. Nc1 Bg7 19. Nd3 Bh6 20. Rae1 f6 21. Qe2 b6 22. Qe6 Rd8 23. Nh4 Rgg8 24. Nf5 Bf8 25. g3 fxg3 26. Re3 g2+ 27. Rxg2 Rxg2 28. Kxg2 Qd7 29. Nf4 Qxe6 30. Nxe6 Rc8 31. Nf4 Kg8 32. Nxd5 Kf7 33. Nf4 e5 34. dxe5 Nxe5 35. Nd3 Nc4 36. Re2 Rd8 37. Nf4 Ne5 38. Ne3 b5 39. a3 Bh6 40. Nfd5 Nd3 41. Rd2 Nf4+ 42. Kf3 Ne6 43. Nb4 Rxd2 0-1


[Site "https://www.chess.com"]

[Event "Late Titled Tuesday Blitz February 8 2022"]
[White "Fier, Alexandr"]
[Black "Tang, Andrew"]
[WhiteFideId "2107139"]
[BlackFideId "2059630"]
[WhiteElo "2569"]
[BlackElo "2584"]
[Result "0-1"]
[Round "06"]
[TimeControl "180+1"]
[Date "2022.02.08"]
[WhiteClock "0:01:12"]
[BlackClock "0:00:11"]

1. d4 d5 2. c4 e6 3. Nc3 Be7 4. Nf3 Nf6 5. Bf4 O-O 6. e3 Nbd7 7. c5 Ne4 8. Rc1 Nxc3 9. Rxc3 b6 10. c6 Nf6 11. Ne5 Bb4 12. Bd3 a5 13. Qe2 Ne4 14. Qc2 Ba6 15. Bxe4 dxe4 16. Qxe4 Qd5 17. Qxd5 exd5 18. Nd7 Rfc8 19. Kd2 Bb5 20. Ne5 f6 21. Nd3 Bxc3+ 22. Kxc3 Bxc6 23. Kd2 Bd7 24. Rc1 c6 25. Bd6 Kf7 26. Nf4 g5 27. Ne2 Bf5 28. f3 Ra7 29. g4 Bg6 30. Ng3 Ke6 31. Ba3 Rac7 32. f4 Kd7 33. h4 gxh4 34. Ne2 c5 35. Rh1 f5 36. g5 c4 37. Nc3 Kc6 38. Rxh4 b5 39. Bc5 b4 40. Na4 Re8 41. b3 c3+ 42. Kd3 Re6 43. Rh2 Rc8 44. Rh1 Rce8 45. Rh3 Kb5 46. Rg3 Bh5 47. Rh3 Bd1 48. Ba7 c2 49. Kd2 Rxe3 50. Rxh7 R3e7 51. Rh6 Re6 52. g6 Rc6 53. Bc5 Rg8 54. Rh7 Rcxg6 55. Kc1 Bf3 56. Kxc2 Be4+ 57. Kd2 Rg2+ 58. Ke1 Rg1+ 59. Ke2 R8g2+ 60. Ke3 Re1# 0-1


[Site "https://www.chess.com"]

[Event "Late Titled Tuesday Blitz February 8 2022"]
[White "Fishbein, Alexander"]
[Black "Glavina, Pablo"]
[WhiteFideId "2000377"]
[BlackFideId "100234"]
[WhiteElo "2442"]
[BlackElo "2369"]
[Result "1/2-1/2"]
[Round "06"]
[TimeControl "180+1"]
[Date "2022.02.09"]
[WhiteClock "0:00:08"]
[BlackClock "0:00:20"]

1. e4 e5 2. Nf3 Nc6 3. Bb5 Bc5 4. O-O Qf6 5. Nc3 Nge7 6. Nd5 Qd6 7. Ne3 O-O 8. c3 a6 9. Ba4 b5 10. Bb3 Qf6 11. Nd5 Nxd5 12. Bxd5 Rb8 13. b4 Bd6 14. d3 h6 15. h3 Ne7 16. Bb3 Ng6 17. Nh2 c5 18. Ng4 Qe7 19. a3 Kh7 20. Ne3 Bb7 21. Nf5 Qf6 22. Be3 cxb4 23. axb4 Bc7 24. Qh5 Nf4 25. Bxf4 exf4 26. Nd4 Be5 27. Rac1 Rbc8 28. Qf5+ Qxf5 29. Nxf5 g6 30. Nd4 Kg7 31. Ne2 f5 32. d4 Bb8 33. e5 g5 34. f3 d6 35. exd6 Bxd6 36. Kh2 h5 37. Rfe1 g4 38. Ng1 Rce8 39. Re6 Rxe6 40. Bxe6 Kf6 41. d5 g3+ 42. Kh1 Re8 43. Ne2 Be5 44. Rd1 Rd8 45. Kg1 Rd6 46. Kf1 Rd8 47. Rd3 Rd6 48. Ke1 Rd8 49. Kd2 Rd6 50. Kc2 h4 51. Kd2 Rd8 52. Kc2 Rd6 53. Kd2 Rd8 54. Kc2 Rd6 1/2-1/2


[Site "https://www.chess.com"]

[Event "Late Titled Tuesday Blitz February 8 2022"]
[White "Garcia Martin, Marta"]
[Black "Kouskoutis, Georgios-Alexandros"]
[WhiteFideId "32084030"]
[BlackFideId "4234049"]
[WhiteElo "2102"]
[BlackElo "2130"]
[Result "1-0"]
[Round "06"]
[TimeControl "180+1"]
[Date "2022.02.09"]
[WhiteClock "0:00:14"]
[BlackClock "0:00:03"]

1. e4 c5 2. c3 g6 3. d4 cxd4 4. cxd4 d5 5. exd5 Nf6 6. Bb5+ Nbd7 7. Nc3 Bg7 8. Nf3 O-O 9. O-O a6 10. Bxd7 Bxd7 11. Qb3 b5 12. Re1 Bf5 13. Ne5 Re8 14. h3 h5 15. Bg5 b4 16. Nc6 Qd7 17. Qxb4 e6 18. Ne5 Nxd5 19. Qb3 Qd6 20. Qb7 Qf8 21. Nxd5 exd5 22. Qxd5 Be6 23. Qf3 f6 24. Nxg6 Qf7 25. Bf4 Qxg6 26. Rxe6 Rxe6 27. Qxa8+ Kh7 28. Qf3 f5 29. d5 Re4 30. Rd1 Rd4 31. Rxd4 Bxd4 32. d6 Qf7 33. Qd3 Qd5 34. Be3 1-0


[Site "https://www.chess.com"]

[Event "Late Titled Tuesday Blitz February 8 2022"]
[White "Gerbelli Neto, Eduardo"]
[Black "Degardin, Sylvain"]
[WhiteFideId "2103281"]
[BlackFideId "20623070"]
[WhiteElo "2178"]
[BlackElo "2156"]
[Result "1-0"]
[Round "06"]
[TimeControl "180+1"]
[Date "2022.02.09"]
[WhiteClock "0:00:12"]
[BlackClock "0:00:01"]

1. e4 c5 2. Nc3 a6 3. f4 b5 4. g3 Bb7 5. Bg2 e6 6. d3 d5 7. Qe2 Nc6 8. Nf3 Nd4 9. Qf2 b4 10. Nd1 dxe4 11. Nxd4 cxd4 12. Bxe4 Bxe4 13. dxe4 Rc8 14. Qe2 Qb6 15. f5 e5 16. Nf2 Qc6 17. Kd1 Nf6 18. Re1 h5 19. h3 Bd6 20. Bg5 a5 21. Bxf6 gxf6 22. Nd3 a4 23. Rc1 a3 24. Rb1 axb2 25. Rxb2 Qc4 26. Nc1 Qc3 27. Rb3 Qa1 28. Qb5+ Kf8 29. Qd7 Kg7 30. Qxd6 d3 31. Rxd3 Rhd8 32. Qxd8 Rxd8 33. Rxd8 Qc3 34. Rd3 Qc5 35. Ne2 Qc4 36. Nc1 Qc5 37. Nb3 Qf2 38. Nd2 Qa7 39. Rb3 Qxa2 40. Rxb4 Qa1+ 41. Nb1 Qa5 42. c3 Qa2 43. Re2 Qa7 44. Nd2 Qg1+ 45. Kc2 Qxg3 46. c4 Qxh3 47. c5 Qa3 48. Rc4 Qa2+ 49. Kd3 Qa3+ 50. Rc3 Qa6+ 51. Ke3 Qc6 52. Nb3 h4 53. Rg2+ Kh6 54. Rg4 Kh5 55. Rg7 h3 56. Rh7+ Kg4 57. Nd2 Qd7 58. Ke2 Qd4 59. Rhxh3 Kf4 60. Rcf3+ Kg5 61. Rfg3+ Kf4 62. Rg2 Qb4 63. Rh4# 1-0


[Site "https://www.chess.com"]

[Event "Late Titled Tuesday Blitz February 8 2022"]
[White "Golubenko, Valentina"]
[Black "Reprintsev, Alexander"]
[WhiteFideId "4501993"]
[BlackFideId "14100541"]
[WhiteElo "2164"]
[BlackElo "2126"]
[Result "0-1"]
[Round "06"]
[TimeControl "180+1"]
[Date "2022.02.09"]
[WhiteClock "0:00:02"]
[BlackClock "0:01:03"]

1. d4 d5 2. g3 Bf5 3. Bg2 Nc6 4. Nc3 e6 5. Nf3 Nb4 6. Kf1 Nxc2 7. Nh4 Nxa1 8. Nxf5 exf5 9. Bxd5 c6 10. Bc4 Bd6 11. d5 Nf6 12. dxc6 bxc6 13. Bg5 O-O 14. Qxa1 h6 15. Bxf6 Qxf6 16. Kg2 Be5 17. Na4 f4 18. Qc1 Rab8 19. b3 Rfd8 20. Nc5 fxg3 21. hxg3 Rd4 22. e3 Rg4 23. Nd7 Qf5 24. Nxb8 Qe4+ 25. Kg1 Bxg3 26. Bxf7+ Kh8 27. Qxc6 Bxb8+ 28. Kf1 Qxc6 29. Rh2 0-1


[Site "https://www.chess.com"]

[Event "Late Titled Tuesday Blitz February 8 2022"]
[White "Golubka, Petro"]
[Black "Kopczynski, Michal"]
[WhiteFideId "14114224"]
[BlackFideId "1124200"]
[WhiteElo "2392"]
[BlackElo "2235"]
[Result "1-0"]
[Round "06"]
[TimeControl "180+1"]
[Date "2022.02.09"]
[WhiteClock "0:00:20"]
[BlackClock "0:00:01"]

1. d4 Nf6 2. Bg5 g6 3. Nd2 Bg7 4. c3 d6 5. h4 c5 6. e3 Nc6 7. dxc5 dxc5 8. h5 Nxh5 9. Bc4 h6 10. Bh4 Nf6 11. Ngf3 Bg4 12. Qb3 O-O 13. Bxf6 exf6 14. Qxb7 Na5 15. Qe4 f5 16. Qc2 Nxc4 17. Nxc4 Qd5 18. Ncd2 f4 19. e4 Qe6 20. Qb3 Qc6 21. O-O-O Rab8 22. Qd5 Qa4 23. e5 Be6 24. Qe4 Qxa2 25. Qb1 Qa5 26. Ne4 Bf5 27. Nh4 Bxe4 28. Qxe4 Bxe5 29. Qxe5 Qa1+ 30. Kd2 Qxb2+ 31. Kd3 Rfd8+ 32. Ke4 Re8 33. Nf3 Qxc3 34. Kxf4 Rxe5 35. Nxe5 Qd4+ 36. Rxd4 cxd4 37. Rd1 g5+ 38. Ke4 Rb2 39. Nd3 Re2+ 40. Kxd4 Kg7 41. Ra1 h5 42. Rxa7 h4 43. Ra5 Kg6 44. Re5 Rd2 45. Ke3 Rd1 46. Ke2 Ra1 47. Rb5 Ra2+ 48. Ke3 f5 49. Rb6+ Kh5 50. Rf6 Kg4 51. Ne5+ Kh5 52. Rxf5 Ra3+ 53. Ke4 h3 54. gxh3 Rxh3 55. f4 Rg3 56. Nf7 Kg6 57. Rxg5+ 1-0


[Site "https://www.chess.com"]

[Event "Late Titled Tuesday Blitz February 8 2022"]
[White "Gomez Ledo, Roberto Carlos"]
[Black "Yang, Qindong"]
[WhiteFideId "3507076"]
[BlackFideId "8603758"]
[WhiteElo "2379"]
[BlackElo "2101"]
[Result "1-0"]
[Round "06"]
[TimeControl "180+1"]
[Date "2022.02.09"]
[WhiteClock "0:00:05"]
[BlackClock "0:00:08"]

1. d4 d6 2. Bf4 Nf6 3. Nc3 g6 4. e4 Bg7 5. Qd2 c6 6. Bh6 Bxh6 7. Qxh6 b5 8. Bd3 Nbd7 9. Nf3 e5 10. O-O a6 11. h3 Bb7 12. Rad1 Qe7 13. Rfe1 c5 14. dxe5 Nxe5 15. Nxe5 dxe5 16. Nxb5 O-O-O 17. Na3 Nh5 18. g3 Rd4 19. c3 Rd7 20. Qe3 Rhd8 21. Nc4 Kc7 22. Be2 Nf6 23. Rxd7+ Rxd7 24. Bf3 Qe6 25. Qxc5+ Kb8 26. Qxe5+ Qxe5 27. Nxe5 Rd2 28. Re2 Rd1+ 29. Kg2 Ra1 30. a3 a5 31. Nxf7 Ba6 32. Rd2 Bf1+ 33. Kh2 Kc7 34. e5 Ne8 35. Nd6 Ng7 36. Bg4 h5 37. Bc8 h4 38. e6 Re1 39. Bd7 Nh5 40. Nb5+ Bxb5 41. Bxb5 Rxe6 42. gxh4 Re5 43. a4 Rf5 44. Bd3 Rf4 45. Bxg6 Rxh4 46. Bxh5 Rxh5 47. Kg3 Kc6 48. Rd4 Rg5+ 49. Rg4 Rf5 50. h4 Rd5 51. Rg5 Rd2 52. h5 Rxb2 53. h6 Rb8 54. Rh5 Rh8 55. h7 1-0


[Site "https://www.chess.com"]

[Event "Late Titled Tuesday Blitz February 8 2022"]
[White "Goryachkina, Aleksandra"]
[Black "Novikov, Evgenij"]
[WhiteFideId "4147103"]
[BlackFideId "4125380"]
[WhiteElo "2426"]
[BlackElo "2242"]
[Result "1-0"]
[Round "06"]
[TimeControl "180+1"]
[Date "2022.02.09"]
[WhiteClock "0:00:31"]
[BlackClock "0:00:01"]

1. e4 c5 2. Nf3 d6 3. c3 Nf6 4. Be2 Nc6 5. d4 cxd4 6. cxd4 Nxe4 7. d5 Qa5+ 8. Nc3 Nxc3 9. bxc3 Ne5 10. Nxe5 Qxc3+ 11. Bd2 Qxe5 12. O-O Bd7 13. Rb1 Qxd5 14. Bf3 Qxa2 15. Rxb7 Rd8 16. Be3 e6 17. Qd4 e5 18. Qc3 Be7 19. Ra1 Qe6 20. Raxa7 O-O 21. h3 d5 22. Bb6 Rc8 23. Qd2 e4 24. Bg4 f5 25. Rxd7 Qxb6 26. Rxe7 Rf7 27. Rxf7 1-0


[Site "https://www.chess.com"]

[Event "Late Titled Tuesday Blitz February 8 2022"]
[White "Gracia Alvarez, Gerardo Antonio"]
[Black "Wieczorek, Oskar"]
[WhiteFideId "5109124"]
[BlackFideId "1133950"]
[WhiteElo "2139"]
[BlackElo "2319"]
[Result "0-1"]
[Round "06"]
[TimeControl "180+1"]
[Date "2022.02.09"]
[WhiteClock "0:00:53"]
[BlackClock "0:01:39"]

1. e4 c5 2. Be2 h5 3. f4 h4 4. Nf3 h3 5. g3 d5 6. d3 Nf6 7. e5 Ng4 8. Ng5 Nh6 9. O-O g6 10. c3 f6 11. Nf3 Nc6 12. Be3 d4 13. Bf2 Ng4 14. exf6 exf6 15. Nh4 Nxf2 16. Rxf2 Kf7 17. Nd2 f5 18. Nhf3 Be7 19. Nc4 Bf6 20. Nce5+ Nxe5 21. fxe5 Bg7 22. cxd4 cxd4 23. Qb3+ Be6 24. Qxb7+ Kg8 25. Bd1 Rb8 26. Qxa7 Bh6 27. Kf1 Be3 28. Rc2 Rh7 29. Qa3 Rc7 30. Rxc7 Qxc7 31. Bb3 Bxb3 32. axb3 Qc2 0-1


[Site "https://www.chess.com"]

[Event "Late Titled Tuesday Blitz February 8 2022"]
[White "Grigorov, Grigor"]
[Black "Garagulya, Konstantin"]
[WhiteFideId "2907313"]
[BlackFideId "4128931"]
[WhiteElo "2510"]
[BlackElo "2329"]
[Result "1-0"]
[Round "06"]
[TimeControl "180+1"]
[Date "2022.02.09"]
[WhiteClock "0:00:55"]
[BlackClock "0:00:07"]

1. d4 Nf6 2. Bg5 Ne4 3. Bf4 d5 4. e3 c6 5. Nd2 Nxd2 6. Qxd2 Bf5 7. Nf3 e6 8. Bd3 Bxd3 9. Qxd3 Qb6 10. O-O-O c5 11. dxc5 Bxc5 12. e4 dxe4 13. Qxe4 Nc6 14. Ne5 Nxe5 15. Bxe5 O-O 16. Rd7 f6 17. Bd6 Bxd6 18. Qxe6+ Kh8 19. Qxd6 Qxf2 20. Qg3 Qxg3 21. hxg3 b6 22. Re1 a5 23. Ree7 Rg8 24. Rb7 h6 25. Rxb6 a4 26. Rbb7 a3 27. b3 Ra5 28. Ra7 Ra8 29. Rxa8+ Rxa8 30. c4 Kh7 31. Kc2 Kg6 32. b4 h5 33. c5 Kf5 34. c6 g5 35. b5 Kg4 36. c7 Kxg3 37. b6 h4 38. b7 1-0


[Site "https://www.chess.com"]

[Event "Late Titled Tuesday Blitz February 8 2022"]
[White "Gurevich, Dmitry"]
[Black "Zierk, Steven"]
[WhiteFideId "2000407"]
[BlackFideId "2034255"]
[WhiteElo "2506"]
[BlackElo "2494"]
[Result "0-1"]
[Round "06"]
[TimeControl "180+1"]
[Date "2022.02.08"]
[WhiteClock "0:00:19"]
[BlackClock "0:01:09"]

1. d4 d5 2. c4 dxc4 3. Nf3 Nf6 4. e3 e6 5. Bxc4 c5 6. O-O a6 7. a4 Nc6 8. Nc3 Be7 9. dxc5 Qxd1 10. Rxd1 Bxc5 11. h3 O-O 12. e4 b6 13. Bf4 Bb7 14. Bd6 Rfd8 15. Bxc5 bxc5 16. e5 Nd7 17. Re1 Nd4 18. Nxd4 cxd4 19. Nd1 Rac8 20. b3 Nb6 21. Bd3 Nd5 22. Be4 Ba8 23. Nb2 Nc3 24. Bxa8 Rxa8 25. Nd3 a5 26. Kf1 Rab8 27. Ra3 g5 28. Rc1 Rdc8 29. Ke1 Nd5 30. Rxc8+ Rxc8 31. Kd2 Rc3 32. Nc1 Nb4 33. Ra1 Rc2+ 34. Ke1 d3 35. Kd1 Rxf2 36. g4 Rh2 37. Rb1 d2 0-1


[Site "https://www.chess.com"]

[Event "Late Titled Tuesday Blitz February 8 2022"]
[White "Hamley, Ryan"]
[Black "Kim, Sergey"]
[WhiteFideId "30959497"]
[BlackFideId "13700570"]
[WhiteElo "2468"]
[BlackElo "2610"]
[Result "0-1"]
[Round "06"]
[TimeControl "180+1"]
[Date "2022.02.09"]
[WhiteClock "0:00:07"]
[BlackClock "0:00:20"]

1. e4 e5 2. Nf3 Nc6 3. Bc4 Bc5 4. c3 Nf6 5. d4 exd4 6. e5 d5 7. Bb5 Ne4 8. cxd4 Bb6 9. Nc3 O-O 10. O-O Bg4 11. Be3 Ne7 12. Bd3 Nxc3 13. bxc3 Nf5 14. Bf4 Nh4 15. Be2 Ng6 16. Bg3 h6 17. h3 Bf5 18. a4 a5 19. Qb3 Re8 20. Rfd1 Re6 21. c4 Be4 22. c5 Ba7 23. Qxb7 Bb6 24. cxb6 Rxb6 25. Qxb6 cxb6 26. Nd2 Bf5 27. Rac1 Rc8 28. Bb5 Nf8 29. Nb3 Ne6 30. Rxc8 Qxc8 31. Rc1 Qd8 32. Rc6 Kh7 33. f3 Qg5 34. Bf2 Nf4 35. g4 Nxh3+ 36. Kf1 Nxf2 37. Kxf2 Be6 38. Bd3+ g6 39. Rxb6 Qf4 40. Ke2 h5 41. gxh5 Qh2+ 42. Ke3 Qxh5 43. Nc5 Bh3 44. Rb7 Kg8 45. Rb8+ Kg7 46. Rb7 Qg5+ 47. Ke2 Qg2+ 48. Ke3 Qg1+ 49. Kd2 Qxd4 50. Rc7 Qxe5 51. Rb7 Qd4 52. Rc7 Bf5 53. Ke2 Qe5+ 0-1


[Site "https://www.chess.com"]

[Event "Late Titled Tuesday Blitz February 8 2022"]
[White "Hess, Robert"]
[Black "Ozates, Tuna"]
[WhiteFideId "2022036"]
[BlackFideId "6354521"]
[WhiteElo "2557"]
[BlackElo "1872"]
[Result "1-0"]
[Round "06"]
[TimeControl "180+1"]
[Date "2022.02.09"]
[WhiteClock "0:00:49"]
[BlackClock "0:01:19"]

1. b3 c5 2. Bb2 Nc6 3. e3 e5 4. Ne2 d5 5. d3 f5 6. Nd2 Nf6 7. g3 Bd6 8. Bg2 O-O 9. O-O e4 10. dxe4 dxe4 11. Nc4 Bc7 12. Nf4 b5 13. Bxf6 Qxd1 14. Rfxd1 Bxf4 15. gxf4 bxc4 16. Bc3 Nb4 17. Rd6 Nxc2 18. Rc1 cxb3 19. axb3 Na3 20. Bf1 a6 21. Ra1 Nc2 22. Bc4+ Kh8 23. Ra5 Bb7 24. Rd7 1-0


[Site "https://www.chess.com"]

[Event "Late Titled Tuesday Blitz February 8 2022"]
[White "Holt, Conrad"]
[Black "Niemann, Hans Moke"]
[WhiteFideId "2034387"]
[BlackFideId "2093596"]
[WhiteElo "2586"]
[BlackElo "2636"]
[Result "0-1"]
[Round "06"]
[TimeControl "180+1"]
[Date "2022.02.08"]
[WhiteClock "0:00:01"]
[BlackClock "0:00:06"]

1. d4 Nf6 2. c4 e6 3. Nc3 Bb4 4. Qc2 d5 5. cxd5 exd5 6. Bg5 h6 7. Bxf6 Qxf6 8. a3 Bxc3+ 9. Qxc3 c6 10. e3 Bf5 11. Ne2 Nd7 12. Ng3 Bg6 13. Be2 O-O 14. O-O Qd6 15. b4 a6 16. a4 Rac8 17. Bg4 f5 18. Bh3 Bh7 19. Ne2 Nf6 20. f3 Rce8 21. Rfe1 Re7 22. Ng3 g6 23. Qc5 Qxc5 24. bxc5 Rfe8 25. Kf2 h5 26. Rab1 h4 27. Nf1 g5 28. g3 g4 29. Bg2 f4 30. Ra1 fxg3+ 31. hxg3 h3 32. Bh1 gxf3 33. Bxf3 Be4 34. Bxe4 Nxe4+ 35. Kg1 Rf7 36. Ra2 Ref8 37. Rh2 Ng5 38. Nd2 Kg7 39. Ree2 Kg6 40. g4 Nf3+ 41. Nxf3 Rxf3 42. Rhf2 Kg5 43. Rxf3 Rxf3 44. e4 dxe4 45. Rxe4 Rf4 46. Re7 Rxd4 47. Rxb7 Kh4 48. Kf2 Rxa4 49. Kf3 Ra3+ 50. Kf4 Ra4+ 51. Kf3 Rc4 52. Rh7+ Kg5 53. Rg7+ Kf6 54. Ra7 Rc3+ 55. Kf2 Kg5 56. Rxa6 Rxc5 57. Ra8 Kxg4 58. Rg8+ Rg5 59. Rh8 c5 60. Kg1 Kg3 61. Rd8 Rf5 62. Rd3+ Rf3 63. Rd1 c4 0-1


[Site "https://www.chess.com"]

[Event "Late Titled Tuesday Blitz February 8 2022"]
[White "Horvath, Dominik"]
[Black "Paravyan, David"]
[WhiteFideId "1642561"]
[BlackFideId "4194985"]
[WhiteElo "2336"]
[BlackElo "2569"]
[Result "1-0"]
[Round "06"]
[TimeControl "180+1"]
[Date "2022.02.08"]
[WhiteClock "0:00:13"]
[BlackClock "0:00:07"]

1. e4 e5 2. Nf3 Nf6 3. Nc3 Nc6 4. Bb5 Nd4 5. Bc4 Bc5 6. Nxe5 Qe7 7. Nf3 d5 8. Nxd5 Qxe4+ 9. Ne3 Bg4 10. Be2 Nxe2 11. Qxe2 O-O-O 12. d3 Bxf3 13. Qxf3 Qxf3 14. gxf3 Rhe8 15. Rg1 g6 16. Kf1 Nd5 17. Nxd5 Rxd5 18. Rg5 f5 19. f4 Rd6 20. Bd2 Bd4 21. c3 Bf6 22. Rg3 a5 23. Re1 Rxe1+ 24. Kxe1 a4 25. Kd1 b5 26. Kc2 Re6 27. Re3 Kd7 28. Rxe6 Kxe6 29. c4 c6 30. b3 h6 31. Be3 g5 32. fxg5 hxg5 33. f3 g4 34. fxg4 fxg4 35. d4 Be7 36. Bf2 Bf8 37. Kd3 Kf5 38. Bg3 axb3 39. axb3 Be7 40. d5 bxc4+ 41. Kxc4 cxd5+ 42. Kxd5 Bf8 43. Be1 Bh6 44. b4 Bf4 45. Bg3 Be3 46. b5 Bg1 47. Kc6 Ke4 48. b6 Kf3 49. b7 Ba7 50. b8=Q Bxb8 51. Bxb8 Kg2 52. Bg3 Kh3 53. Kd5 Kg2 54. Ke4 Kh3 55. Kf4 Kg2 56. Kxg4 1-0


[Site "https://www.chess.com"]

[Event "Late Titled Tuesday Blitz February 8 2022"]
[White "Ibarra Jerez, Jose Carlos"]
[Black "Ezat, Mohamed"]
[WhiteFideId "2226332"]
[BlackFideId "10600906"]
[WhiteElo "2626"]
[BlackElo "2386"]
[Result "1-0"]
[Round "06"]
[TimeControl "180+1"]
[Date "2022.02.08"]
[WhiteClock "0:00:48"]
[BlackClock "0:00:16"]

1. e4 c6 2. Nf3 d5 3. d3 Bg4 4. h3 Bxf3 5. Qxf3 e6 6. g3 g6 7. Bg2 Bg7 8. O-O Ne7 9. exd5 cxd5 10. c4 O-O 11. Nc3 Nbc6 12. Re1 Nd4 13. Qd1 Rc8 14. Bg5 dxc4 15. dxc4 Rxc4 16. Bxb7 Rb4 17. Bg2 Rxb2 18. Nd5 exd5 19. Bxe7 Qb6 20. Bxf8 Bxf8 21. Bxd5 Nf5 22. Re2 Rxe2 23. Qxe2 Nxg3 24. Qe8 Qf6 25. Qxf7+ Qxf7 26. Bxf7+ Kxf7 27. fxg3 Bc5+ 28. Kg2 Ke6 29. Rf1 Bd6 30. Kf3 Be5 31. g4 Bd6 32. Ke4 Bc5 33. Rc1 Kd6 34. Rd1+ Ke6 35. Rd8 h5 36. gxh5 gxh5 37. Rh8 1-0


[Site "https://www.chess.com"]

[Event "Late Titled Tuesday Blitz February 8 2022"]
[White "Indjic, Aleksandar"]
[Black "Khater, Sherif"]
[WhiteFideId "911925"]
[BlackFideId "2034280"]
[WhiteElo "2616"]
[BlackElo "2551"]
[Result "1-0"]
[Round "06"]
[TimeControl "180+1"]
[Date "2022.02.08"]
[WhiteClock "0:00:19"]
[BlackClock "0:00:21"]

1. d4 Nf6 2. Nf3 e6 3. Bg5 c5 4. d5 exd5 5. Nc3 d4 6. Nd5 Be7 7. Bxf6 Bxf6 8. e4 d6 9. a4 O-O 10. Bd3 Nc6 11. h3 h6 12. O-O Be6 13. Bc4 Ne5 14. Ba2 Re8 15. Nd2 d3 16. c3 Nd7 17. a5 b6 18. Qb1 bxa5 19. Qxd3 Nb6 20. f4 Bxd5 21. Bxd5 Nxd5 22. Qxd5 Rb8 23. Nc4 Be7 24. Rfd1 Bf8 25. Rd2 Qh4 26. Rf2 Re6 27. Rxa5 Rbe8 28. Rxa7 Qf6 29. e5 Qf5 30. Ra1 dxe5 31. fxe5 Qh5 32. Raf1 R8e7 33. Rxf7 Qxf7 34. Rxf7 Kxf7 35. Nd6+ Kg6 36. Qe4+ Kg5 37. Qf5+ Kh4 38. Qg4# 1-0


[Site "https://www.chess.com"]

[Event "Late Titled Tuesday Blitz February 8 2022"]
[White "Iskusnyh, Sergei"]
[Black "Papp, Petra"]
[WhiteFideId "4120027"]
[BlackFideId "739049"]
[WhiteElo "2492"]
[BlackElo "2259"]
[Result "1-0"]
[Round "06"]
[TimeControl "180+1"]
[Date "2022.02.09"]
[WhiteClock "0:00:33"]
[BlackClock "0:00:01"]

1. d4 d6 2. c4 f5 3. Nf3 Nf6 4. e3 g6 5. Be2 Bg7 6. O-O O-O 7. Nc3 c6 8. b4 a5 9. b5 Qe8 10. Rb1 h6 11. Ba3 g5 12. Qb3 Be6 13. bxc6 bxc6 14. Qb7 Na6 15. d5 Bd7 16. Nd4 c5 17. Ne6 Bxe6 18. dxe6 Nb4 19. Qb5 Qc8 20. Bf3 Rb8 21. Qxa5 Qxe6 22. Bxb4 cxb4 23. Nd5 Ne4 24. Bxe4 Qxe4 25. Rxb4 Ra8 26. Qc7 Rxa2 27. Nxe7+ Kh7 28. Nd5 Qd3 29. Rb7 Rg8 30. Nf6+ Kg6 31. Qf7# 1-0


[Site "https://www.chess.com"]

[Event "Late Titled Tuesday Blitz February 8 2022"]
[White "Jaferian, Koosha"]
[Black "Melaugh, Shane"]
[WhiteFideId "12507440"]
[BlackFideId "2509580"]
[WhiteElo "2027"]
[BlackElo "2000"]
[Result "0-1"]
[Round "06"]
[TimeControl "180+1"]
[Date "2022.02.09"]
[WhiteClock "0:00:02"]
[BlackClock "0:00:46"]

1. Nf3 d6 2. d4 f5 3. b3 Nf6 4. Bb2 e6 5. g3 d5 6. Bg2 Bd6 7. O-O c6 8. c4 O-O 9. Ba3 Bxa3 10. Nxa3 Nbd7 11. Nc2 Ne4 12. e3 Ndf6 13. Nce1 Bd7 14. Nd3 Be8 15. Nfe5 Bh5 16. Qc2 Nd6 17. Rfc1 Nf7 18. Nf4 Qe8 19. Ned3 g5 20. Nxh5 Nxh5 21. f4 Nf6 22. Kh1 Ne4 23. Bxe4 fxe4 24. Nf2 gxf4 25. gxf4 Nh6 26. Rg1+ Kh8 27. Rg3 Qh5 28. Rh3 Qg6 29. Rg1 Qf6 30. Rg5 Rg8 31. Rhg3 Nf5 32. Rxg8+ Rxg8 33. Rxg8+ Kxg8 34. Qe2 Kf8 35. Nh3 Qh4 36. Kg2 h6 37. Nf2 Qf6 38. Ng4 Qg7 39. Kf2 Nh4 40. Kf1 Nf3 41. Qg2 Qxg4 42. Qxg4 Nxh2+ 43. Ke2 Nxg4 0-1


[Site "https://www.chess.com"]